PAA
ASHEVILLE HIGHLANDERS @ MERCER ISLAND SCREAMING EAGLES
09/03/2025
 
TOP OF THE 1ST
Asheville Highlanders batting - Pitching for Mercer Island Screaming Eagles : LHP Tomiji Saikawa
Pitching: LHP Tomiji Saikawa
Batting: SHB John Pemperton 0-0: Swinging Strike
0-1: Ball
1-1: Foul Ball, location: 2F
1-2: Ball
2-2: Foul Ball, location: 2F
2-2: Ball
3-2: Base on Balls
Batting: RHB Lorenzo Rosas 0-0: Ball
1-0: Ball
2-0: Called Strike
2-1: Ball
3-1: Base on Balls
John Pemperton to second
Batting: RHB Bryce Bancroft 0-0: Fly out, F9 (Line Drive, 9D)
Runner from 2nd tags up, SAFE at 3rd, no throw
Batting: RHB Ed Lastinger 0-0: Ball
1-0: Foul Ball, location: 2F
1-1: Ball
2-1: Foul Ball, location: 2F
2-2: Ball
3-2: Strikes out swinging
Batting: RHB Víctor López 0-0: Ground out 6-3 (Groundball, 6S)
Top of the 1st over - 0 run(s), 0 hit(s), 0 error(s), 2 left on base; Asheville 0 - Mercer Island 0
BOTTOM OF THE 1ST
Mercer Island Screaming Eagles batting - Pitching for Asheville Highlanders : RHP Anderson O'Mara
Pitching: RHP Anderson O'Mara
Batting: LHB Nelson Plasenia 0-0: DOUBLE (Groundball, 3L)
Batting: RHB Alfredo García 0-0: Called Strike
0-1: Ball
1-1: SINGLE (Line Drive, 78M)
Nelson Plasenia to third
Runner from 3rd tries for Home, SAFE, no throw
Batting: LHB Miguel Pacheco 0-0: Called Strike
0-1: Ball
1-1: Ball
2-1: Ball
3-1: Called Strike
3-2: DOUBLE (Flyball, 7LM)
Alfredo García to third
Batting: RHB Leonardo Ramírez 0-0: Fly out, F7 (Flyball, 7)
Runner from 3rd tags up, SCORES, no throw
Batting: SHB Jorge Velázquez 0-0: Ground out 4-3 (Groundball, 4)
Miguel Pacheco to third
Batting: RHB Luis Jiménez 0-0: Ground out 6-3 (Groundball, 6)
Bottom of the 1st over - 2 run(s), 3 hit(s), 0 error(s), 1 left on base; Asheville 0 - Mercer Island 2
TOP OF THE 2ND
Asheville Highlanders batting - Pitching for Mercer Island Screaming Eagles : LHP Tomiji Saikawa
Batting: RHB Moisés Quintana 0-0: Ball
1-0: Ball
2-0: Swinging Strike
2-1: Called Strike
2-2: Fly out, F9 (Flyball, 9)
Batting: LHB Jack Sutherland 0-0: Called Strike
0-1: Ball
1-1: Swinging Strike
1-2: Strikes out swinging
Batting: LHB Luis Vicenteno 0-0: Ball
1-0: Ball
2-0: Ball
3-0: Called Strike
3-1: Swinging Strike
3-2: Fly out, F9 (Flyball, 89S)
Top of the 2nd over - 0 run(s), 0 hit(s), 0 error(s), 0 left on base; Asheville 0 - Mercer Island 2
BOTTOM OF THE 2ND
Mercer Island Screaming Eagles batting - Pitching for Asheville Highlanders : RHP Anderson O'Mara
Batting: LHB Steve Grimes 0-0: Foul Ball, location: 2F
0-1: Ground out 4-3 (Groundball, 4)
Batting: RHB Wade Killefer 0-0: Swinging Strike
0-1: Ball
1-1: Called Strike
1-2: Fly out, F8 (Flyball, 8LM)
Batting: RHB Ron Gérard 0-0: SINGLE (Line Drive, 4MD)
Batting: LHB Nelson Plasenia 0-0: Ball
Ron Gérard steals 2nd base
1-0: Called Strike
1-1: Foul Ball, location: 2F
1-2: Ball
2-2: Fly out, F8 (Line Drive, 78M)
Bottom of the 2nd over - 0 run(s), 1 hit(s), 0 error(s), 1 left on base; Asheville 0 - Mercer Island 2
TOP OF THE 3RD
Asheville Highlanders batting - Pitching for Mercer Island Screaming Eagles : LHP Tomiji Saikawa
Batting: RHB Héctor Gallegos 0-0: Called Strike
0-1: Ball
1-1: Called Strike
1-2: Strikes out swinging, 2-3 out at first.
Batting: SHB John Pemperton 0-0: Ball
1-0: Foul Ball, location: 2F
1-1: Swinging Strike
1-2: Strikes out swinging, 2-3 out at first.
Batting: RHB Lorenzo Rosas 0-0: SINGLE (Line Drive, 56)
Batting: RHB Bryce Bancroft 0-0: 2-RUN HOME RUN (Flyball, 7LD), Distance : 363 ft
Batting: RHB Ed Lastinger 0-0: Called Strike
0-1: Called Strike
0-2: Ground out 2-3 (Groundball, 15S)
Top of the 3rd over - 2 run(s), 2 hit(s), 0 error(s), 0 left on base; Asheville 2 - Mercer Island 2
BOTTOM OF THE 3RD
Mercer Island Screaming Eagles batting - Pitching for Asheville Highlanders : RHP Anderson O'Mara
Batting: RHB Alfredo García 0-0: Ball
1-0: Called Strike
1-1: Ball
2-1: Foul Ball, location: 2F
2-2: Strikes out looking
Batting: LHB Miguel Pacheco 0-0: Ball
1-0: Ground out 6-3 (Groundball, 6)
Batting: RHB Leonardo Ramírez 0-0: Ball
1-0: Ball
2-0: Ground out 6-3 (Groundball, 6M)
Bottom of the 3rd over - 0 run(s), 0 hit(s), 0 error(s), 0 left on base; Asheville 2 - Mercer Island 2
TOP OF THE 4TH
Asheville Highlanders batting - Pitching for Mercer Island Screaming Eagles : LHP Tomiji Saikawa
Batting: RHB Víctor López 0-0: Foul Ball, location: 2F
0-1: Swinging Strike
0-2: Ball
1-2: Ground out 1-3 (Groundball, 13S)
Batting: RHB Moisés Quintana 0-0: Fly out, F8 (Flyball, 89M)
Batting: LHB Jack Sutherland 0-0: Foul Ball, location: 2F
0-1: Ball
1-1: Foul Ball, location: 2F
1-2: Strikes out looking
Top of the 4th over - 0 run(s), 0 hit(s), 0 error(s), 0 left on base; Asheville 2 - Mercer Island 2
BOTTOM OF THE 4TH
Mercer Island Screaming Eagles batting - Pitching for Asheville Highlanders : RHP Anderson O'Mara
Batting: SHB Jorge Velázquez 0-0: Called Strike
0-1: Swinging Strike
0-2: Strikes out looking
Batting: RHB Luis Jiménez 0-0: Reached via error on a dropped throw, E3
Batting: LHB Steve Grimes 0-0: Ball
1-0: Called Strike
1-1: Ball
2-1: Called Strike
2-2: Foul Ball, location: 2F
2-2: Foul Ball, location: 2F
2-2: Foul Ball, location: 2F
2-2: Ball
3-2: Base on Balls
Luis Jiménez to second
Batting: RHB Wade Killefer 0-0: Ball
1-0: Ball
2-0: Ball
3-0: Foul Ball, location: 2F
3-1: Base on Balls
Luis Jiménez to third
Steve Grimes to second
Batting: RHB Ron Gérard 0-0: Called Strike
0-1: Ball
1-1: Foul Ball, location: 2F
1-2: Strikes out looking
Batting: LHB Nelson Plasenia 0-0: Ball
1-0: Ball
2-0: Ball
3-0: Called Strike
3-1: Fly out, F8 (Flyball, 8LM)
Bottom of the 4th over - 0 run(s), 0 hit(s), 1 error(s), 3 left on base; Asheville 2 - Mercer Island 2
TOP OF THE 5TH
Asheville Highlanders batting - Pitching for Mercer Island Screaming Eagles : LHP Tomiji Saikawa
Batting: LHB Luis Vicenteno 0-0: Swinging Strike
0-1: Ball
1-1: Fly out, F8 (Flyball, 8LXD)
Batting: RHB Héctor Gallegos 0-0: Ball
1-0: Foul Ball, location: 2F
1-1: Foul Ball, location: 2F
1-2: Ball
2-2: Ground out 5-3 (Groundball, 56)
Batting: SHB John Pemperton 0-0: Foul Ball, location: 2F
0-1: Ball
1-1: Ball
2-1: Ball
3-1: Called Strike
3-2: Base on Balls
Batting: RHB Lorenzo Rosas 0-0: Swinging Strike
Passed Ball!
John Pemperton to second
0-1: Ball
1-1: SINGLE (Line Drive, 56D)
John Pemperton to third
Batting: RHB Bryce Bancroft 0-0: 3-RUN HOME RUN (Line Drive, 7D), Distance : 399 ft
Batting: RHB Ed Lastinger 0-0: Foul Ball, location: 2F
0-1: Foul Ball, location: 2F
0-2: Foul Ball, location: 2F
0-2: Strikes out swinging
Top of the 5th over - 3 run(s), 2 hit(s), 0 error(s), 0 left on base; Asheville 5 - Mercer Island 2
BOTTOM OF THE 5TH
Mercer Island Screaming Eagles batting - Pitching for Asheville Highlanders : RHP Anderson O'Mara
Pitching: RHP Romano Martínez
Batting: RHB Alfredo García 0-0: Fly out, F6 (Line Drive, 56)
Batting: LHB Miguel Pacheco 0-0: Ball
1-0: Foul Ball, location: 2F
1-1: Ball
2-1: Ball
3-1: Base on Balls
Batting: RHB Leonardo Ramírez 0-0: Called Strike
0-1: Called Strike
0-2: Foul Ball, location: 2F
0-2: Grounds into double play, 6-4-3 (Groundball, 6)
Bottom of the 5th over - 0 run(s), 0 hit(s), 0 error(s), 0 left on base; Asheville 5 - Mercer Island 2
TOP OF THE 6TH
Asheville Highlanders batting - Pitching for Mercer Island Screaming Eagles : LHP Tomiji Saikawa
Pitching: LHP Bastião Shwerin
Batting: RHB Víctor López 0-0: Ball
1-0: Ball
2-0: Foul Ball, location: 2F
2-1: Ground out 4-3 (Groundball, 4)
Batting: RHB Moisés Quintana 0-0: Ball
1-0: Called Strike
1-1: Called Strike
1-2: Foul Ball, location: 2F
1-2: Ball
2-2: Ground out 6-3 (Groundball, 56)
Batting: LHB Jack Sutherland 0-0: Foul Ball, location: 2F
0-1: Foul Ball, location: 2F
0-2: Ball
1-2: Ball
2-2: Strikes out looking
Top of the 6th over - 0 run(s), 0 hit(s), 0 error(s), 0 left on base; Asheville 5 - Mercer Island 2
BOTTOM OF THE 6TH
Mercer Island Screaming Eagles batting - Pitching for Asheville Highlanders : RHP Romano Martínez
Batting: SHB Jorge Velázquez 0-0: Ball
1-0: Ball
2-0: Fly out, F4 (Popup, 4)
Batting: RHB Luis Jiménez 0-0: Ball
1-0: Swinging Strike
1-1: Ground out 6-3 (Groundball, 6)
Batting: LHB Steve Grimes 0-0: Foul Ball, location: 2F
0-1: SINGLE (Groundball, 6D)
Batting: RHB Wade Killefer 0-0: Ball
1-0: Called Strike
1-1: Hit by Pitch
Steve Grimes to second
Batting: RHB Ron Gérard 0-0: Called Strike
0-1: Foul Ball, location: 2F
0-2: Ball
1-2: Ball
2-2: Fielders Choice at 2nd, 6-4 (Groundball, 6)
Bottom of the 6th over - 0 run(s), 1 hit(s), 0 error(s), 1 left on base; Asheville 5 - Mercer Island 2
TOP OF THE 7TH
Asheville Highlanders batting - Pitching for Mercer Island Screaming Eagles : LHP Bastião Shwerin
Batting: LHB Luis Vicenteno 0-0: Called Strike
0-1: Fly out, F8 (Flyball, 8LS)
Batting: RHB Héctor Gallegos 0-0: Ball
1-0: Bunted foul
1-1: Ground out 6-3 (Groundball, 6)
Batting: SHB John Pemperton 0-0: Foul Ball, location: 2F
0-1: Called Strike
0-2: Ball
1-2: Foul Ball, location: 2F
1-2: Ball
2-2: Strikes out looking
Top of the 7th over - 0 run(s), 0 hit(s), 0 error(s), 0 left on base; Asheville 5 - Mercer Island 2
BOTTOM OF THE 7TH
Mercer Island Screaming Eagles batting - Pitching for Asheville Highlanders : RHP Romano Martínez
Batting: LHB Nelson Plasenia 0-0: Called Strike
0-1: Ball
1-1: Ball
2-1: SINGLE (Line Drive, 6D)
Batting: RHB Alfredo García 0-0: Ball
1-0: Foul Ball, location: 2F
1-1: SINGLE (Groundball, 6D)
Nelson Plasenia to second
Batting: LHB Miguel Pacheco 0-0: Called Strike
0-1: Swinging Strike
0-2: Ball
1-2: Foul Ball, location: 2F
1-2: Ball
2-2: Ball
3-2: Base on Balls
Nelson Plasenia to third
Alfredo García to second
Batting: RHB Leonardo Ramírez 0-0: Ball
1-0: Foul Ball, location: 2F
1-1: Called Strike
1-2: Strikes out swinging
Pinch Hitting: LHB Tony Reynolds 0-0: Foul Ball, location: 2F
0-1: Grounds into double play, 6-4-3 (Groundball, 6)
Bottom of the 7th over - 0 run(s), 2 hit(s), 0 error(s), 2 left on base; Asheville 5 - Mercer Island 2
TOP OF THE 8TH
Asheville Highlanders batting - Pitching for Mercer Island Screaming Eagles : LHP Bastião Shwerin
Now at 1B: Tony Reynolds
Batting: RHB Lorenzo Rosas 0-0: Foul Ball, location: 2F
0-1: Foul Ball, location: 2F
0-2: Ball
1-2: Strikes out swinging
Batting: RHB Bryce Bancroft 0-0: Ball
1-0: Ball
2-0: Ball
3-0: Base on Balls
Batting: RHB Ed Lastinger 0-0: Swinging Strike
0-1: Foul Ball, location: 2F
0-2: Foul Ball, location: 2F
0-2: Strikes out swinging
Batting: RHB Víctor López 0-0: Ball
1-0: Swinging Strike
1-1: Foul Ball, location: 2F
1-2: Strikes out swinging
Top of the 8th over - 0 run(s), 0 hit(s), 0 error(s), 1 left on base; Asheville 5 - Mercer Island 2
BOTTOM OF THE 8TH
Mercer Island Screaming Eagles batting - Pitching for Asheville Highlanders : RHP Romano Martínez
Batting: RHB Luis Jiménez 0-0: Ball
1-0: SINGLE (Groundball, 6MD)
Pitching: LHP Albert Lucas
Batting: LHB Steve Grimes 0-0: Foul Ball, location: 2F
0-1: Ball
1-1: Ball
2-1: Foul Ball, location: 2F
2-2: Hit by Pitch
Luis Jiménez to second
Pitching: RHP Justin Reynolds
Batting: RHB Wade Killefer 0-0: Hit by Pitch
Luis Jiménez to third
Steve Grimes to second
Pinch Hitting: RHB Vincente Flores 0-0: Ball
1-0: Swinging Strike
1-1: SINGLE (Groundball, 6D)
Luis Jiménez scores
Steve Grimes to third
Wade Killefer to second
Runner from 3rd tries for Home, SAFE, throw made home
Wade Killefer to third
Vincente Flores to second
Batting: LHB Nelson Plasenia 0-0: Foul Ball, location: 2F
0-1: Swinging Strike
0-2: Fly out, F8 (Flyball, 8RD)
Runner from 3rd tags up, SCORES, no throw
Batting: RHB Alfredo García 0-0: Ball
1-0: SINGLE (Line Drive, 78M)
Vincente Flores to third
Batting: LHB Miguel Pacheco 0-0: Called Strike
0-1: Ball
1-1: Fielders Choice at 2nd, 4-6 (Groundball, 4M)
Vincente Flores scores
Batting: RHB Leonardo Ramírez 0-0: Ball
1-0: Called Strike
1-1: Ground out 1-3 (Groundball, 15S)
Bottom of the 8th over - 4 run(s), 3 hit(s), 0 error(s), 1 left on base; Asheville 5 - Mercer Island 6
TOP OF THE 9TH
Asheville Highlanders batting - Pitching for Mercer Island Screaming Eagles : LHP Bastião Shwerin
Pitching: LHP Denis Melis
Now in CF: Robert Paulsen
Batting: RHB Moisés Quintana 0-0: Ball
1-0: Ball
2-0: Foul Ball, location: 2F
2-1: Foul Ball, location: 2F
2-2: Ball
3-2: Foul Ball, location: 2F
3-2: SOLO HOME RUN (Line Drive, 7D), Distance : 403 ft
Pinch Hitting: RHB Paco Vásquez 0-0: Called Strike
0-1: Foul Ball, location: 2F
0-2: Ball
1-2: Strikes out swinging
Pinch Hitting: RHB Denis Taylor 0-0: Called Strike
0-1: Ball
1-1: Ground out U3 (Groundball, 34)
Batting: RHB Héctor Gallegos 0-0: Ball
1-0: Ground out 5-3 (Groundball, 56S)
Top of the 9th over - 1 run(s), 1 hit(s), 0 error(s), 0 left on base; Asheville 6 - Mercer Island 6
BOTTOM OF THE 9TH
Mercer Island Screaming Eagles batting - Pitching for Asheville Highlanders : RHP Justin Reynolds
Pitching: RHP Jim Unknown
Now at 2B: Denis Taylor
Now in LF: Paco Vásquez
Batting: LHB Tony Reynolds 0-0: Reached on error, E4 (Groundball, 4)
Pinch Runner at 1st León Domínguez:
Batting: RHB Luis Jiménez 0-0: Bunted foul
0-1: Ball
1-1: Sac Bunt - play at first, batter OUT! 3-4
León Domínguez to second
Batting: LHB Steve Grimes 0-0: Ball
León Domínguez is caught stealing 3rd base
1-0: Foul Ball, location: 2F
1-1: Foul Ball, location: 2F
1-2: Strikes out swinging
Bottom of the 9th over - 0 run(s), 0 hit(s), 1 error(s), 0 left on base; Asheville 6 - Mercer Island 6
TOP OF THE 10TH
Asheville Highlanders batting - Pitching for Mercer Island Screaming Eagles : LHP Denis Melis
Now at 3B: León Domínguez
Pinch Hitting: RHB Jan Gosselin 0-0: Ball
1-0: Called Strike
1-1: Ball
2-1: Ball
3-1: Base on Balls
Batting: RHB Lorenzo Rosas 0-0: Called Strike
0-1: Called Strike
0-2: Strikes out swinging
Batting: RHB Bryce Bancroft 0-0: Ball
1-0: Ball
2-0: Called Strike
2-1: Ball
3-1: Foul Ball, location: 2F
3-2: Strikes out swinging
Batting: RHB Ed Lastinger 0-0: Ball
1-0: Called Strike
1-1: Fielders Choice at 2nd, 5-4 (Groundball, 56)
Top of the 10th over - 0 run(s), 0 hit(s), 0 error(s), 0 left on base; Asheville 6 - Mercer Island 6
BOTTOM OF THE 10TH
Mercer Island Screaming Eagles batting - Pitching for Asheville Highlanders : RHP Jim Unknown
Now at C: Gonzalo Valentín
Batting: RHB Wade Killefer 0-0: Called Strike
0-1: Called Strike
0-2: Ball
1-2: Ball
2-2: Fly out, F7 (Flyball, 7S)
Pinch Hitting: RHB Marcos Reyes 0-0: Ball
1-0: Ball
2-0: Called Strike
2-1: Called Strike
2-2: Strikes out looking
Batting: LHB Nelson Plasenia 0-0: Foul Ball, location: 2F
0-1: Foul Ball, location: 2F
0-2: Ball
1-2: Ball
2-2: Fly out, F7 (Flyball, 7)
Bottom of the 10th over - 0 run(s), 0 hit(s), 0 error(s), 0 left on base; Asheville 6 - Mercer Island 6
TOP OF THE 11TH
Asheville Highlanders batting - Pitching for Mercer Island Screaming Eagles : LHP Denis Melis
Now in CF: Tomás Mejía
Batting: RHB Víctor López 0-0: Ball
1-0: Called Strike
1-1: Swinging Strike
1-2: Ball
2-2: Strikes out swinging
Batting: RHB Moisés Quintana 0-0: Ball
1-0: Called Strike
1-1: Foul Ball, location: 2F
1-2: Ball
2-2: Ball
3-2: Fly out, F9 (Flyball, 9LSF)
Batting: RHB Paco Vásquez 0-0: Ball
1-0: Ball
2-0: Ball
3-0: Base on Balls
Batting: RHB Denis Taylor 0-0: Foul Ball, location: 2F
0-1: Foul Ball, location: 2F
0-2: Strikes out swinging
Top of the 11th over - 0 run(s), 0 hit(s), 0 error(s), 1 left on base; Asheville 6 - Mercer Island 6
BOTTOM OF THE 11TH
Mercer Island Screaming Eagles batting - Pitching for Asheville Highlanders : RHP Jim Unknown
Pitching: RHP Brandon McAllister
Batting: RHB Alfredo García 0-0: DOUBLE (Line Drive, 78D)
Batting: LHB Miguel Pacheco 0-0: Called Strike
0-1: Ball
1-1: Foul Ball, location: 2F
1-2: Foul Ball, location: 2F
1-2: Ball
2-2: Foul Ball, location: 2F
2-2: Hit by Pitch
Batting: RHB Leonardo Ramírez 0-0: Ball
1-0: Ball
2-0: Ball
3-0: Called Strike
3-1: 3-RUN HOME RUN (Flyball, 7D), Distance : 397 ft
Friday, December 30th, 2016 - OOTP Baseball 17.12 Build 75